 Dungeon Sprint DCSS version 0.17-a0-1311-gbcbd859 (webtiles) character file.

40 Kidiri the Sneak (level 3, -6/18 HPs)
             Began as a Spriggan Enchanter on June 8, 2015.
             Was a Believer of Dithmenos.
             Mangled by a phantom (9 damage)
             ... in the Dungeon (Sprint VII: "The Pits").
             The game lasted 00:02:33 (421 turns).

Kidiri the Sneak (Spriggan Enchanter)                Turns: 421, Time: 00:02:33

Health: -6/18      AC:  3    Str:  4    XL:     3   Next: 30%
Magic:  5/9        EV: 20    Int: 16    God:    Dithmenos [**....]
Gold:   0          SH:  0    Dex: 17    Spells: 2 memorised, 6 levels left

rFire  . . .     SeeInvis +     a - +2 dagger
rCold  . . .     Clarity  .     b - +1 robe
rNeg   . . .     SustAt   .     (shield restricted)
rPois  .         Gourm    .     (helmet restricted)
rElec  .         Spirit   .     (no cloak)
rCorr  .         Warding  .     (gloves unavailable)
rMut   .         NoTele   +     (boots unavailable)
MR     .....                    (no amulet)
Stlth  +++++.....               (no ring)
                                (no ring)

@: wreathed by umbra, very quick, not resistant to hostile enchantments, quite
stealthy
A: unfitting armour, see invisible, herbivore 3, speed 3, slow metabolism 2
a: Shadow Step, Renounce Religion


You were in the Dungeon.
You worshipped Dithmenos.
Dithmenos was pleased with you.
You were not hungry.

You visited 1 branch

Inventory:

Hand weapons
 a - a +2 dagger (weapon)
Armour
 b - a +1 robe (worn)
Scrolls
 j - a scroll of blinking
 m - 3 scrolls of remove curse
 n - 5 scrolls of amnesia
 o - a scroll of summoning
Potions
 f - a potion of heal wounds
 g - a potion of haste
 h - 4 potions of magic
 i - 3 potions of berserk rage
 l - 2 potions of invisibility
Books
 c - a book of Maledictions

   Spells                             Type                      Level
   a - Corona                         Hexes                        1
   b - Ensorcelled Hibernation        Hexes/Ice                    2
   c - Confuse                        Hexes                        3
   d - Tukima's Dance                 Hexes                        3
   e - Dazzling Spray                 Conjuration/Hexes            3
Comestibles
 k - 40 fruits


   Skills:
 + Level 1.6 Fighting
 * Level 2.9 Short Blades
 * Level 5.2 Dodging
 * Level 6.1 Stealth
 + Level 3.9 Spellcasting
 + Level 4.3 Hexes
 + Level 0.7 Ice Magic
 + Level 1.4 Invocations


You had 6 spell levels left.
You knew the following spells:

 Your Spells              Type           Power        Failure   Level  Hunger
a - Corona                Hex            ###....      3%          1    None
b - Ensorcelled Hibernat  Hex/Ice        ##....       12%         2    ##.....


Dungeon Overview and Level Annotations

Branches:
Dungeon (1/1)

Altars:
Ashenzari
Cheibriados
Dithmenos
Elyvilon
Fedhas
Gozag
Kikubaaqudgha
Makhleb
Nemelex Xobeh
Okawaru
Qazlal
Ru
Sif Muna
Trog
Vehumet
Xom
Yredelemnul
Zin
The Shining One
Beogh
Jiyva
Lugonu


Innate Abilities, Weirdness & Mutations

You are tiny and cannot use many weapons and most armour.
You have supernaturally acute eyesight.
You are a herbivore.
You cover ground extremely quickly.
You need consume almost no food.


Message History

There's a creature in the doorway!
There's a creature in the doorway!
You barely miss the phantom. You completely miss the phantom.
The phantom misses you.
Casting: Ensorcelled Hibernation
Confirm with . or Enter, or press ? or * to list all spells.
Aiming: Corona
Press: ? - help, Shift-Dir - straight line, f - phantom
Aim: a phantom (umbra, chance to defeat MR: 36%)
The phantom resists with some effort.
The phantom completely misses you.
You hit the phantom.
The phantom is lightly damaged.
The phantom hits you!
Ouch! That really hurt!
* * * LOW HITPOINT WARNING * * *
You hit the phantom.
The phantom is lightly damaged.
The phantom hits you!
Ouch! That really hurt!
You die...

#_#)))+.+%.##...........
#_#)))#.#?(##......#..#.
#######+#####...........
#.........%.'...........
#+#####'#####......#..#.
#.%)..##...........
#####'#####'#####++
#.....##.......#
#..@..##.......#
###W####.......#
##+#....†##...<...#
#........##.......#
#.......)##.......#
###########.......#
#########


You could see a phantom.

Vanquished Creatures
  2 gnolls (D)
  An adder (D)
  A river rat (D)
  A giant gecko (D)
  A goblin (D)
  A quokka (D)
  A rat (D)
8 creatures vanquished.

Notes
Turn   | Place    | Note
--------------------------------------------------------------
     0 | D        | Kidiri the Spriggan Enchanter began the quest for the Orb.
     0 | D        | Reached XP level 1. HP: 9/9 MP: 5/5
    24 | D        | Found a sacrificial altar of Ru.
    24 | D        | Found a basalt altar of Yredelemnul.
    24 | D        | Found a shadowy altar of Dithmenos.
    24 | D        | Found a deep blue altar of Sif Muna.
    24 | D        | Found a burning altar of Makhleb.
    24 | D        | Found a shimmering altar of Xom.
    24 | D        | Found an ancient bone altar of Kikubaaqudgha.
    24 | D        | Found a sparkling altar of Nemelex Xobeh.
    25 | D        | Found a glowing golden altar of the Shining One.
    25 | D        | Found a bloodstained altar of Trog.
    25 | D        | Found a shattered altar of Ashenzari.
    25 | D        | Found a white marble altar of Elyvilon.
    25 | D        | Found a snail-covered altar of Cheibriados.
    25 | D        | Found a blossoming altar of Fedhas.
    25 | D        | Found a radiant altar of Vehumet.
    25 | D        | Found a glowing silver altar of Zin.
    25 | D        | Found a corrupted altar of Lugonu.
    25 | D        | Found a viscous altar of Jiyva.
    25 | D        | Found a roughly hewn altar of Beogh.
    25 | D        | Found an iron altar of Okawaru.
    28 | D        | Became a worshipper of Dithmenos the Shadowed
    32 | D        | Found a stormy altar of Qazlal.
    32 | D        | Found an opulent altar of Gozag.
   107 | D        | Reached skill level 1 in Fighting
   107 | D        | Reached skill level 5 in Stealth
   107 | D        | Reached skill level 1 in Invocations
   107 | D        | Reached XP level 2. HP: 12/14 MP: 5/7
   124 | D        | Learned a level 2 spell: Ensorcelled Hibernation
   362 | D        | Noticed a phantom
   366 | D        | Acquired Dithmenos's first power
   366 | D        | Reached skill level 5 in Dodging
   366 | D        | Reached XP level 3. HP: 18/18 MP: 9/9
   379 | D        | Reached skill level 6 in Stealth
   421 | D        | Mangled by a phantom

Vault maps used:
D:        pitsprint

Action                   || total
-------------------------++-------
Melee: Dagger            ||    31
 Cast: Corona            ||     6
       Ensorcelled Hiber ||     2
  Use: Potion            ||     1
 Stab: Sleeping          ||     5
